[Event "January 9 Early 2024"]
[Site "https://www.chess.com"]
[Date "2024.01.11"]
[Round "6"]
[White "Feliz Dotel, Dewar Bienvenido"]
[Black "Fernandez Hernandez, Gerardo"]
[Result "0-1"]
[Board "217"]
[TimeControl "180+1"]
[WhiteFideId "6402801"]
[BlackFideId "2207400"]
[WhiteElo "2147"]
[BlackElo "2314"]
[WhiteTeam "DOM"]
[BlackTeam "ESP"]
[WhiteClock "0:00:02"]
[BlackClock "0:00:14"]

1. Nf3 Nf6 2. g3 g6 3. b4 Bg7 4. Bb2 O-O 5. c4 a5 6. b5 d6 7. Bg2 e5 8. d3 Nbd7 9. O-O Nc5 10. Nc3 a4 11. Ba3 e4 12. Ne1 exd3 13. Nxd3 Nxd3 14. exd3 Nd7 15. Rc1 Bd4 16. Nxa4 Qf6 17. Qc2 Nc5 18. Bxc5 dxc5 19. Nc3 Bxc3 20. Qxc3 Qxc3 21. Rxc3 Rxa2 22. Rd1 b6 23. h3 Rd8 24. Bd5 Bxh3 25. d4 cxd4 26. Rxd4 Be6 27. Rcd3 Bxd5 28. Rxd5 Rxd5 29. Rxd5 Rc2 30. Rd4 Kf8 31. Kg2 Ke7 32. Kf3 Ke6 33. Ke3 h5 34. f3 Rc3+ 35. Kf4 f6 36. Re4+ Kd6 37. Rd4+ Ke6 38. Re4+ Kd6 39. Rd4+ Kc5 40. Rd7 Rxc4+ 41. Ke3 Kxb5 42. Rg7 g5 43. Rh7 h4 44. gxh4 Rxh4 45. Rf7 Rf4 46. Rf8 c5 47. Ra8 Kb4 48. Ra1 c4 49. Rb1+ Kc5 0-1

[Event "January 9 Early 2024"]
[Site "https://www.chess.com"]
[Date "2024.01.11"]
[Round "6"]
[White "Xu, Yi"]
[Black "Niemann, Hans Moke"]
[Result "0-1"]
[Board "218"]
[TimeControl "180+1"]
[WhiteFideId "8605564"]
[BlackFideId "2093596"]
[WhiteElo "2864"]
[BlackElo "3067"]
[WhiteTeam "CHN"]
[BlackTeam "USA"]
[WhiteClock "0:00:01"]
[BlackClock "0:00:14"]

1. e4 c6 2. d4 d5 3. e5 Bf5 4. h4 a6 5. g4 Bd7 6. h5 c5 7. dxc5 e6 8. Be3 Qc7 9. Nf3 Bxc5 10. Bxc5 Qxc5 11. Nc3 Nc6 12. Bd3 h6 13. Qd2 O-O-O 14. O-O-O Nge7 15. Rhe1 Kb8 16. Kb1 Rc8 17. a3 Ka8 18. Qf4 Rhf8 19. Re2 Qb6 20. g5 d4 21. Ne4 Nd5 22. Qd2 hxg5 23. Nd6 Nc3+ 24. Ka1 Nxd1 25. Qxd1 Rc7 26. Nc4 Qc5 27. Nxg5 Qe7 28. f4 Rh8 29. Rh2 f6 30. Ne4 fxe5 31. fxe5 b5 32. Ncd6 Nxe5 33. Be2 Bc6 34. Qxd4 Nd7 35. Bg4 Nf6 36. Bf3 Nxe4 37. Bxe4 Bxe4 38. Qxe4+ Kb8 39. Qe5 Qf6 40. Qe3 Rc6 41. Ne4 Qe5 42. Rd2 Rhc8 43. Ka2 Qc7 44. Qd4 Rc4 45. Qe3 Rc6 46. Qd4 e5 47. Qe3 Qf7+ 48. Kb1 Qf1+ 49. Ka2 Qf4 0-1

[Event "January 9 Early 2024"]
[Site "https://www.chess.com"]
[Date "2024.01.11"]
[Round "6"]
[White "Rustemov, Alexander"]
[Black "Van Foreest, Jorden"]
[Result "0-1"]
[Board "219"]
[TimeControl "180+1"]
[WhiteFideId "4119002"]
[BlackFideId "1039784"]
[WhiteElo "2807"]
[BlackElo "3019"]
[WhiteTeam "RUS"]
[BlackTeam "NED"]
[WhiteClock "0:00:02"]
[BlackClock "0:00:59"]

1. d4 d5 2. c4 e6 3. Nc3 a6 4. cxd5 exd5 5. Nf3 h6 6. Bf4 c6 7. e3 Bd6 8. Bxd6 Qxd6 9. Bd3 Ne7 10. Qc2 Nd7 11. O-O Nf6 12. Na4 O-O 13. Rfc1 g6 14. Nc5 Rb8 15. b4 Bf5 16. a4 Rfc8 17. Ne5 h5 18. h3 Kg7 19. Rab1 Rc7 20. Rb3 Rbc8 21. Rc3 Bxd3 22. Ncxd3 Ne4 23. Rb3 f6 24. Nf3 Qd8 25. Nc5 Nxc5 26. bxc5 Rd7 27. Rcb1 Rcc7 28. R1b2 Nf5 29. Qb1 Qc8 30. a5 Re7 31. g3 Rcd7 32. Kg2 Qc7 33. h4 Kh6 34. Qe1 Qd8 35. Qd2 Kh7 36. Ne1 Qe8 37. Nf3 Qf7 38. Qd3 Qe6 39. Qb1 Qf7 40. Qd3 Kg7 41. Qb1 Rc7 42. Qd3 Red7 43. Qb1 Qe7 44. Qd3 Qf7 45. Qb1 Kh7 46. Qd3 Ne7 47. Qb1 Nc8 48. Ne1 Na7 49. Nd3 Nb5 50. Nf4 Kg7 51. Qd3 Re7 52. Re2 Re4 53. Rb1 g5 54. hxg5 fxg5 55. Nh3 Qg6 56. f3 Re6 57. Qxg6+ Kxg6 58. Rb3 Nxd4 59. Reb2 Nxb3 60. Rxb3 Rce7 61. Kf2 d4 62. e4 Re5 63. Rb4 Rd7 64. Rc4 d3 65. Ke1 d2+ 66. Kd1 Rd3 67. Ng1 g4 68. f4 Re8 69. Ne2 h4 70. gxh4 g3 71. Rd4 Rxd4 72. Nxd4 Rxe4 0-1

[Event "January 9 Early 2024"]
[Site "https://www.chess.com"]
[Date "2024.01.11"]
[Round "6"]
[White "Drozdowski, Kacper"]
[Black "Haug, Havard"]
[Result "0-1"]
[Board "220"]
[TimeControl "180+1"]
[WhiteFideId "1136720"]
[BlackFideId "1547887"]
[WhiteElo "2966"]
[BlackElo "2791"]
[WhiteTeam "POL"]
[BlackTeam "NOR"]
[WhiteClock "0:00:07"]
[BlackClock "0:00:04"]

1. e4 c6 2. d4 d5 3. e5 c5 4. dxc5 e6 5. Be3 Nd7 6. Nf3 Bxc5 7. Bxc5 Nxc5 8. Nc3 a6 9. Bd3 Ne7 10. O-O Ng6 11. Re1 Qc7 12. Qd2 O-O 13. h4 Nd7 14. Qe3 Qc5 15. Qg5 Ndxe5 16. Rxe5 f6 17. Qh5 fxe5 18. Bxg6 hxg6 19. Qxe5 Rf5 20. Qe3 Qxe3 21. fxe3 Bd7 22. Ne2 Be8 23. Nf4 Bf7 24. g4 Rf6 25. Ne5 Rc8 26. c3 Be8 27. Rd1 Kf8 28. Kf2 Ke7 29. Kg3 Kd6 30. Nf3 Bc6 31. Nd3 Rcf8 32. Nfe5 Bb5 33. g5 Rf5 34. Nxg6 Rf1 35. Rd2 R8f3+ 36. Kg2 Bxd3 37. Rxd3 R1f2+ 38. Kg1 Rxb2 39. Nf4 Rxa2 40. c4 Ke5 41. cxd5 exd5 42. Rxd5+ Ke4 43. Rd7 Kxe3 44. Nh5 Ra1+ 45. Kg2 Ra2+ 46. Kg1 Rh3 47. Rxg7 Rxh4 48. Nf6 Rc4 49. Re7+ Kf3 50. Re1 Rcc2 51. Nd5 Rg2+ 52. Kh1 Rh2+ 53. Kg1 Rag2+ 54. Kf1 Rh1# 0-1

[Event "January 9 Early 2024"]
[Site "https://www.chess.com"]
[Date "2024.01.11"]
[Round "6"]
[White "Teillet, Benoit"]
[Black "Buchenau, Frank"]
[Result "0-1"]
[Board "221"]
[TimeControl "180+1"]
[WhiteFideId "616591"]
[BlackFideId "4604350"]
[WhiteElo "2254"]
[BlackElo "2402"]
[WhiteTeam "FRA"]
[BlackTeam "GER"]
[WhiteClock "0:00:11"]
[BlackClock "0:00:12"]

1. b4 d5 2. Bb2 Bg4 3. h3 Bh5 4. Nf3 f6 5. d4 e5 6. dxe5 Bxb4+ 7. Nbd2 Nc6 8. exf6 Nxf6 9. e3 O-O 10. Be2 Ne4 11. O-O Nc3 12. Bxc3 Bxc3 13. Rb1 b6 14. Nb3 Qd6 15. Qd3 Bf6 16. Rbd1 Bg6 17. Qxd5+ Qxd5 18. Rxd5 Bxc2 19. Rd7 Nb4 20. Rxc7 Rfc8 21. Rxc8+ Rxc8 22. Nbd4 Nxa2 23. Ra1 Bb3 24. g4 Rc1+ 25. Rxc1 Nxc1 26. Ba6 Bd5 27. Kf1 Na2 28. g5 Be7 29. h4 Nb4 30. Be2 a5 31. Nf5 Bf8 32. N3d4 a4 33. Nb5 Nc2 34. Nc3 Bc6 35. Nd4 Nxd4 36. exd4 a3 37. Bc4+ Kh8 38. Ke2 b5 39. Ba2 b4 40. Nd1 Ba4 41. Kd3 b3 42. Nc3 bxa2 43. Nxa2 Bb3 44. Nc1 Bd5 45. Kc2 Bd6 46. Kb1 Kg8 47. Ne2 Kf7 48. f4 Bc4 49. Nc3 Bb4 50. Ne4 Ke6 51. h5 Kd5 52. g6 hxg6 53. Ng5 gxh5 54. f5 a2+ 55. Kc2 Bc3 56. Kxc3 a1=Q+ 57. Kc2 Qa2+ 58. Kc1 Kxd4 59. Nf3+ Kc3 60. Kd1 Qa1# 0-1

[Event "January 9 Early 2024"]
[Site "https://www.chess.com"]
[Date "2024.01.11"]
[Round "6"]
[White "Duda, Jan-Krzysztof"]
[Black "Chigaev, Maksim"]
[Result "1-0"]
[Board "222"]
[TimeControl "180+1"]
[WhiteFideId "1170546"]
[BlackFideId "4108116"]
[WhiteElo "3059"]
[BlackElo "2969"]
[WhiteTeam "POL"]
[BlackTeam "ESP"]
[WhiteClock "0:00:04"]
[BlackClock "0:00:01"]

1. e4 e5 2. Nf3 Nc6 3. Bb5 a6 4. Ba4 Nf6 5. d3 d6 6. c3 Be7 7. O-O O-O 8. Re1 Re8 9. Nbd2 b5 10. Bc2 Bf8 11. Nf1 h6 12. Ng3 d5 13. exd5 Qxd5 14. h3 Bb7 15. a4 b4 16. a5 Rad8 17. Bd2 b3 18. Bxb3 Qxd3 19. Bxf7+ Kxf7 20. Qb3+ Qd5 21. Qxb7 e4 22. Nh2 Qxd2 23. Qxc6 e3 24. fxe3 Rxe3 25. Nf3 Qxb2 26. Qxc7+ Rd7 27. Ne5+ Rxe5 28. Qxe5 Rd2 29. Qe6+ Kg6 30. Ne2 Bd6 31. Rad1 Kh7 32. Qf5+ Kh8 33. Rxd2 Qxd2 34. Qf1 Bc5+ 35. Kh1 Ne4 36. Rb1 Nf2+ 37. Kh2 Bd6+ 38. g3 Qe3 39. Rb6 Ne4 40. Rxd6 Nxd6 41. Qf8+ Kh7 42. Qf1 Ne4 43. h4 Nd2 44. Qg2 Nf3+ 45. Kh1 Nd2 46. Kh2 Nf3+ 47. Kh1 Ne1 48. Qf1 Qe4+ 49. Kh2 Nf3+ 50. Kh3 h5 51. Nf4 1-0

[Event "January 9 Early 2024"]
[Site "https://www.chess.com"]
[Date "2024.01.11"]
[Round "6"]
[White "Zou, Chen"]
[Black "Zavgorodniy, Sergiy"]
[Result "1-0"]
[Board "223"]
[TimeControl "180+1"]
[WhiteFideId "8610959"]
[BlackFideId "14110148"]
[WhiteElo "2803"]
[BlackElo "2622"]
[WhiteTeam "CHN"]
[BlackTeam "UKR"]
[WhiteClock "0:00:13"]
[BlackClock "0:00:06"]

1. e4 e5 2. Nf3 d6 3. Bc4 Be7 4. d4 exd4 5. Nxd4 Nf6 6. Nc3 O-O 7. O-O c6 8. Bb3 b5 9. a3 a6 10. Re1 c5 11. Nde2 c4 12. Ba2 Bb7 13. Ng3 d5 14. exd5 Bc5 15. Bg5 Nbd7 16. Nce4 Qb6 17. Nxc5 Qxc5 18. Nf5 Rfe8 19. Qf3 Bxd5 20. Qg3 g6 21. Nh6+ Kg7 22. Be3 Qc6 23. Nf5+ Kg8 24. Nd4 Qb7 25. Rad1 Nh5 26. Qh3 Ndf6 27. Bb1 Be4 28. c3 Bxb1 29. Rxb1 Re4 30. Qf3 Rae8 31. h3 Nd5 32. Bd2 Rxe1+ 33. Rxe1 Rxe1+ 34. Bxe1 Qd7 35. Bd2 Ng7 36. Bh6 Ne6 37. Qg3 Nec7 38. Qf3 f6 39. Qe2 Kf7 40. h4 Qe7 41. Qf3 Qe1+ 42. Kh2 Qe5+ 43. g3 Ne6 44. Nc6 Qd6 45. Na5 Nc5 46. Qg4 Qe6 47. Qd4 Nd3 48. Nb7 g5 49. Nd8+ Ke7 50. Nxe6 1-0

[Event "January 9 Early 2024"]
[Site "https://www.chess.com"]
[Date "2024.01.11"]
[Round "6"]
[White "Ronka, Erik"]
[Black "Kolmagorov, Alexey"]
[Result "1/2-1/2"]
[Board "224"]
[TimeControl "180+1"]
[WhiteFideId "505080"]
[BlackFideId "34129402"]
[WhiteElo "2516"]
[BlackElo "2380"]
[WhiteTeam "FIN"]
[BlackTeam "RUS"]
[WhiteClock "0:00:01"]
[BlackClock "0:00:11"]

1. e4 c5 2. a3 Nc6 3. b4 cxb4 4. axb4 Nxb4 5. d4 d5 6. c3 Nc6 7. exd5 Qxd5 8. Na3 e6 9. Nb5 Qd8 10. Bf4 e5 11. dxe5 Be6 12. Nf3 Bc5 13. Qxd8+ Rxd8 14. Nc7+ Ke7 15. Bg5+ f6 16. Nxe6 Kxe6 17. Bc4+ Ke7 18. exf6+ gxf6 19. Bf4 Kf8 20. O-O Kg7 21. Rab1 Bb6 22. h4 h5 23. Be3 Bxe3 24. Rxb7+ Nge7 25. fxe3 Rb8 26. Rfb1 Rhd8 27. Nd4 Kh8 28. Rxb8 Nxb8 29. Bf7 Nbc6 30. Bxh5 Ne5 31. Ra1 Nd5 32. Rxa7 Nxe3 33. Be2 Rc8 34. c4 N5xc4 35. Bxc4 Rxc4 36. Ne6 Ng4 37. g3 Re4 38. Nf4 Rc4 39. Kg2 Rc3 40. h5 Rc5 41. Kf3 Nh2+ 42. Ke4 Ng4 43. Kf3 Ne5+ 44. Ke2 Nc6 45. Rb7 Re5+ 46. Kf2 Nd4 47. h6 Nf5 48. Ng6+ Kg8 49. Rg7+ Nxg7 50. Nxe5 fxe5 51. hxg7 Kxg7 52. Kf3 Kg6 53. Ke4 Kg5 54. Kxe5 Kg4 55. Ke4 Kxg3 1/2-1/2

[Event "January 9 Early 2024"]
[Site "https://www.chess.com"]
[Date "2024.01.11"]
[Round "6"]
[White "Sailer, Mike"]
[Black "Tifferet, Shakked"]
[Result "1/2-1/2"]
[Board "225"]
[TimeControl "180+1"]
[WhiteFideId "2012901"]
[BlackFideId "2811529"]
[WhiteElo "2217"]
[BlackElo "2483"]
[WhiteTeam "USA"]
[BlackTeam "ISR"]
[WhiteClock "0:00:04"]
[BlackClock "0:00:16"]

1. d4 f5 2. Nc3 Nf6 3. Bg5 g6 4. Bxf6 exf6 5. e4 fxe4 6. Nxe4 Qe7 7. Qe2 f5 8. Nf6+ Kf7 9. Qxe7+ Bxe7 10. Nd5 Bd8 11. Bc4 Re8+ 12. Ne2 Kg7 13. O-O-O b5 14. Bd3 Bb7 15. Ndf4 g5 16. Nh5+ Kh6 17. Nhg3 Be4 18. Bxe4 fxe4 19. d5 Na6 20. Rd4 Nc5 21. b4 Na4 22. Rxe4 Bf6 23. f3 a5 24. bxa5 Rec8 25. Nf5+ Kg6 26. Ne7+ Bxe7 27. Rxe7 Nc5 28. h4 Re8 29. Rxe8 Rxe8 30. Nd4 Re5 31. Nxb5 c6 32. dxc6 dxc6 33. Nd4 Na4 34. Nxc6 Rc5 35. Nd4 Rxa5 36. hxg5 Rxg5 37. g4 Nc3 38. Kd2 Nxa2 39. Ra1 Nb4 40. Ra4 Nd5 41. Ra6+ Kf7 42. Nf5 h5 43. Nd6+ Ke6 44. Ne4+ Ke5 45. Nxg5 h4 46. Ra8 Kf4 47. Rh8 Kxg5 48. f4+ Nxf4 49. c4 Kxg4 50. c5 h3 51. Rxh3 Kxh3 52. Kc3 Kg4 53. Kd4 Ne6+ 54. Kd5 Kf5 55. c6 Kf6 56. c7 Nxc7+ 1/2-1/2

[Event "January 9 Early 2024"]
[Site "https://www.chess.com"]
[Date "2024.01.11"]
[Round "6"]
[White "Bazilius, Augustinas"]
[Black "Rajdeep Sarkar"]
[Result "0-1"]
[Board "226"]
[TimeControl "180+1"]
[WhiteFideId "12832251"]
[BlackFideId "25007963"]
[WhiteElo "2517"]
[BlackElo "2445"]
[WhiteTeam "LTU"]
[BlackTeam "IND"]
[WhiteClock "0:00:01"]
[BlackClock "0:00:06"]

1. e4 e5 2. d4 exd4 3. c3 d3 4. Bxd3 Nc6 5. Ne2 g6 6. O-O Bg7 7. f4 d6 8. f5 Ne5 9. Bc2 Nf6 10. fxg6 fxg6 11. Bb3 Qe7 12. Nf4 Bg4 13. Qd4 Nc6 14. Qa4 Bd7 15. Nd5 Nxd5 16. Bxd5 O-O-O 17. Nd2 Rhf8 18. Rxf8 Rxf8 19. Bxc6 Bxc6 20. Qxa7 Bxe4 21. Nxe4 Qxe4 22. Bg5 h6 23. Bd2 Qd5 24. Qa8+ Kd7 25. Qa4+ b5 26. Qc2 Qc5+ 27. Kh1 Rf2 28. Qd3 Qc6 29. Qh3+ Kd8 30. Be3 Rxb2 31. Rf1 Qxc3 32. Qh4+ g5 33. Bxg5+ hxg5 34. Qxg5+ Kc8 35. Qf5+ Kb7 36. Qd5+ Kb6 37. Qf7 Be5 38. h3 Qc2 39. Qd5 Qc6 40. Qf3 Qxf3 41. Rxf3 Rxa2 42. g4 c5 43. g5 c4 44. g6 c3 45. Rf1 c2 46. Rc1 b4 47. h4 b3 48. h5 b2 0-1

[Event "January 9 Early 2024"]
[Site "https://www.chess.com"]
[Date "2024.01.11"]
[Round "6"]
[White "Gutkin, Ilya"]
[Black "Kruckenhauser, Arthur"]
[Result "0-1"]
[Board "227"]
[TimeControl "180+1"]
[WhiteFideId "16203470"]
[BlackFideId "1642812"]
[WhiteElo "2345"]
[BlackElo "2561"]
[WhiteTeam "GER"]
[BlackTeam "AUT"]
[WhiteClock "0:00:01"]
[BlackClock "0:00:07"]

1. Nf3 d5 2. g3 e6 3. Bg2 Nf6 4. d4 Be7 5. c4 O-O 6. Qc2 c6 7. O-O b6 8. Nc3 a5 9. Rd1 Ba6 10. b3 b5 11. Ne5 Nfd7 12. cxb5 cxb5 13. e4 Nxe5 14. dxe5 d4 15. Ne2 Qc8 16. Qxc8 Rxc8 17. Nxd4 Nc6 18. Be3 Nxd4 19. Bxd4 Ba3 20. Bf1 g5 21. Be3 h6 22. h4 gxh4 23. gxh4 Bb7 24. Bxb5 Bxe4 25. Bxh6 Bb2 26. Bc4 Bxa1 27. Rxa1 Kh7 28. Bg5 a4 29. Re1 Bf5 30. Kh2 a3 31. Kg3 Ra7 32. Rd1 Rac7 33. Rd4 Rb8 34. Kf4 Bb1 35. Rd2 Rbb7 36. Ke3 Rd7 37. Rd6 Rxd6 38. exd6 Bxa2 39. Bd8 Bxb3 40. Bc7 Ba4 41. Bd3+ Kg8 42. Bc2 Bd7 43. h5 a2 44. h6 a1=Q 45. h7+ Kh8 46. Bd8 Qe5+ 47. Kf3 f5 48. Kg2 Kxh7 49. Be7 Bc6+ 50. Kf1 Bb5+ 51. Kg2 Bc6+ 52. Kf1 Rxe7 53. dxe7 Qc7 0-1

[Event "January 9 Early 2024"]
[Site "https://www.chess.com"]
[Date "2024.01.11"]
[Round "6"]
[White "Przybylski, Wojciech"]
[Black "Bonin, Jay"]
[Result "1-0"]
[Board "228"]
[TimeControl "180+1"]
[WhiteFideId "1117599"]
[BlackFideId "2000644"]
[WhiteElo "2553"]
[BlackElo "2329"]
[WhiteTeam "POL"]
[BlackTeam "USA"]
[WhiteClock "0:00:14"]
[BlackClock "0:00:04"]

1. e4 c5 2. Nf3 Nc6 3. d4 cxd4 4. Nxd4 e5 5. Nb5 d6 6. N1c3 a6 7. Na3 Be6 8. Nd5 Nf6 9. Bg5 Bxd5 10. Qxd5 Nxd5 11. Bxd8 Rxd8 12. exd5 Ne7 13. O-O-O g6 14. h4 h5 15. Nc4 f5 16. Nb6 Bh6+ 17. Kb1 Nc8 18. Nc4 Rd7 19. g3 Rc7 20. a4 b5 21. axb5 axb5 22. Na5 Na7 23. Nc6 Kf7 24. Nxa7 Rxa7 25. Bxb5 Rha8 26. c4 e4 27. Kc2 Bg7 28. Kb3 Ra2 29. Rd2 R8a3+ 30. bxa3 Rxd2 31. c5 dxc5 32. a4 c4+ 33. Kxc4 Ke7 34. Bc6 Bd4 35. a5 Bxf2 36. a6 Ba7 37. Rb1 Kd6 38. Rb7 Bf2 39. a7 Ra2 40. Rd7+ Ke5 41. a8=Q Rxa8 42. Bxa8 Bxg3 43. Re7+ Kd6 44. Re6+ Kd7 45. Bc6+ Kc7 46. Rxg6 Bxh4 47. Rh6 Bf2 48. Rxh5 f4 49. Rh7+ Kd6 50. Rh6+ Ke5 51. Re6+ Kf5 52. Bd7 e3 53. Rxe3+ 1-0

[Event "January 9 Early 2024"]
[Site "https://www.chess.com"]
[Date "2024.01.11"]
[Round "6"]
[White "Rees, Ioan"]
[Black "Derjabin, Ilja"]
[Result "1-0"]
[Board "229"]
[TimeControl "180+1"]
[WhiteFideId "1801236"]
[BlackFideId "14104768"]
[WhiteElo "2406"]
[BlackElo "2519"]
[WhiteTeam "WLS"]
[BlackTeam "UKR"]
[WhiteClock "0:00:25"]
[BlackClock "0:00:02"]

1. e4 e6 2. b3 d5 3. Bb2 dxe4 4. Nc3 Nf6 5. Qe2 Be7 6. Nxe4 Nc6 7. O-O-O O-O 8. Nf3 a5 9. a4 Nb4 10. Kb1 b6 11. h4 Bb7 12. d3 Qd5 13. Nfd2 b5 14. axb5 a4 15. Nxf6+ Bxf6 16. Bxf6 gxf6 17. Qg4+ Kh8 18. Qxb4 axb3 19. Qxb3 Qc5 20. Qb2 e5 21. Ne4 Bxe4 22. dxe4 Ra4 23. Rh3 Rfa8 24. Rb3 Qxf2 25. Bd3 Qxh4 26. b6 cxb6 27. Rxb6 Kg7 28. Rf1 Qg3 29. Rbxf6 R8a7 30. R6f5 Ra1+ 31. Qxa1 Rxa1+ 32. Kxa1 Qe3 33. Rxf7+ Kg6 34. R1f6+ Kg5 35. Rf5+ Kg6 36. R7f6+ Kg7 37. Ra6 h5 38. Kb2 h4 39. Kc3 Qe1+ 40. Kc4 Qe3 41. Kd5 Qd4+ 42. Ke6 h3 43. Rd6 Qc5 44. gxh3 Qc8+ 45. Kxe5 Qc5+ 46. Rd5 Qc7+ 47. Kd4 Kh6 48. Rf6+ Kg7 49. Rfd6 Qa7+ 50. Ke5 Qa1+ 51. Ke6 Qf6+ 52. Kd7 Qf7+ 53. Kc8 Qf2 54. Rc6 Kh8 55. Rd7 Qc5 56. Rxc5 Kg8 57. Rg5+ Kf8 58. Rh5 Ke8 59. Rh8# 1-0

[Event "January 9 Early 2024"]
[Site "https://www.chess.com"]
[Date "2024.01.11"]
[Round "6"]
[White "Navara, David"]
[Black "Kuzubov, Yuriy"]
[Result "1-0"]
[Board "230"]
[TimeControl "180+1"]
[WhiteFideId "309095"]
[BlackFideId "14112906"]
[WhiteElo "3002"]
[BlackElo "2866"]
[WhiteTeam "CZE"]
[BlackTeam "UKR"]
[WhiteClock "0:00:05"]
[BlackClock "0:00:03"]

1. e4 e6 2. d4 d5 3. Nc3 Bb4 4. e5 Ne7 5. Bd2 b6 6. Nce2 Bxd2+ 7. Qxd2 c5 8. f4 Ba6 9. Nf3 Nbc6 10. c3 Qd7 11. Ng3 Bxf1 12. Nxf1 cxd4 13. cxd4 Nf5 14. g4 Nfe7 15. Ng3 O-O-O 16. Nh5 Rhg8 17. O-O Kb7 18. b4 Rc8 19. Ng5 Qe8 20. Nxh7 Rh8 21. Ng5 Rxh5 22. gxh5 Nf5 23. Nf3 Qe7 24. Rfc1 Nh4 25. Nxh4 Qxh4 26. b5 Ne7 27. Rxc8 Kxc8 28. Rc1+ Kd7 29. Qc3 Qg4+ 30. Kh1 Ke8 31. Qg3 Qxh5 32. Qxg7 Qf3+ 33. Qg2 Qxf4 34. Rd1 Nf5 35. Rf1 Qxd4 36. Qg8+ Ke7 37. Qg5+ Ke8 38. Qg8+ Ke7 39. Qg5+ Kd7 40. Qf4 Qd3 41. a4 Qe2 42. Kg1 d4 43. Qf3 Qd2 44. Qb7+ Ke8 45. Qa8+ Ke7 46. Qxa7+ Kf8 47. Qa8+ Ke7 48. Qb7+ Kf8 49. Qa8+ Ke7 50. Qb7+ Kf8 51. Qg2 Qe3+ 52. Qf2 Qc3 53. Qf3 Qd2 54. Rd1 Qb4 55. Qa8+ Kg7 56. Kh1 1-0

[Event "January 9 Early 2024"]
[Site "https://www.chess.com"]
[Date "2024.01.11"]
[Round "6"]
[White "Finek, Vaclav"]
[Black "Chu, Wei Chao"]
[Result "0-1"]
[Board "231"]
[TimeControl "180+1"]
[WhiteFideId "23718293"]
[BlackFideId "8605661"]
[WhiteElo "2804"]
[BlackElo "2608"]
[WhiteTeam "CZE"]
[BlackTeam "CHN"]
[WhiteClock "0:00:06"]
[BlackClock "0:00:07"]

1. d4 d5 2. c4 e6 3. Nf3 Nf6 4. g3 Bb4+ 5. Bd2 Be7 6. Bg2 O-O 7. O-O Nbd7 8. Bc3 a5 9. Ne5 c6 10. Nd2 Bb4 11. Nxd7 Bxd7 12. Qc2 Bxc3 13. Qxc3 b5 14. c5 b4 15. Qc2 Qc7 16. Nf3 Bc8 17. Rfe1 Ba6 18. Ne5 Bb5 19. a4 bxa3 20. bxa3 a4 21. Qc3 Nd7 22. Nxd7 Qxd7 23. e4 dxe4 24. Bxe4 Rad8 25. Rad1 Qe7 26. Qe3 Qf6 27. Bg2 Rd7 28. Rd2 Rfd8 29. Red1 h5 30. h4 Qf5 31. f4 Qf6 32. Qe5 Qxe5 33. fxe5 f6 34. exf6 gxf6 35. Kf2 Kg7 36. Bf3 Kg6 37. Ke3 Re8 38. Rb1 Red8 39. Rb4 Kh6 40. Rg2 Rg7 41. Rg1 Rdg8 42. Kf2 Rd8 43. Re1 Re7 44. Re4 Kg6 45. Re3 f5 46. Re1 Rg8 47. Re5 Kf6 48. Bxh5 Reg7 49. Re3 Rd8 50. Bf3 Rgd7 51. h5 Rxd4 52. Rxd4 Rxd4 53. Kg2 Rd2+ 54. Kh3 Bf1+ 0-1

[Event "January 9 Early 2024"]
[Site "https://www.chess.com"]
[Date "2024.01.11"]
[Round "6"]
[White "Kjartansson, David"]
[Black "Cori T., Deysi"]
[Result "1-0"]
[Board "232"]
[TimeControl "180+1"]
[WhiteFideId "2301130"]
[BlackFideId "3801934"]
[WhiteElo "2433"]
[BlackElo "2564"]
[WhiteTeam "ISL"]
[BlackTeam "PER"]
[WhiteClock "0:00:07"]
[BlackClock "0:00:05"]

1. e4 d6 2. d4 a6 3. Nf3 Nf6 4. Bd3 g6 5. O-O Bg7 6. c3 O-O 7. Qe2 Bg4 8. Nbd2 Nbd7 9. h3 Bxf3 10. Nxf3 e5 11. dxe5 Nxe5 12. Nxe5 dxe5 13. Bc4 Qe7 14. a4 Rfd8 15. b3 Qd7 16. Bg5 Qc6 17. Bxf6 Bxf6 18. Rad1 Kg7 19. g3 h5 20. h4 Rab8 21. Qe3 Be7 22. Rd5 Rxd5 23. Bxd5 Qc5 24. Qf3 Bf6 25. b4 Qe7 26. Rd1 c6 27. Bb3 Rd8 28. Rd3 Qc7 29. Qd1 a5 30. bxa5 Qxa5 31. Rd7 Be7 32. Qd3 Qc5 33. Rxd8 Bxd8 34. Qxd8 Qxc3 35. Qd1 Qb4 36. Qf3 Qe7 37. a5 Qc7 38. Qc3 Qd6 39. Qc4 Qd7 40. Kg2 Kf6 41. Qc5 Qd8 42. Bc4 Qd7 43. Qe3 Kg7 44. Qc5 Kf6 45. Be2 Kg7 46. Qxe5+ Kh7 47. Qc5 Qe6 48. e5 Qa2 49. Bc4 Qc2 50. Qd4 Qa4 51. Qf4 f5 52. exf6 Qxa5 53. f7 1-0

[Event "January 9 Early 2024"]
[Site "https://www.chess.com"]
[Date "2024.01.11"]
[Round "6"]
[White "Volkov, Maksim"]
[Black "Cruz, William Ferreira Da"]
[Result "1-0"]
[Board "233"]
[TimeControl "180+1"]
[WhiteFideId "54123070"]
[BlackFideId "2118050"]
[WhiteElo "2663"]
[BlackElo "2334"]
[WhiteTeam "RUS"]
[BlackTeam "BRA"]
[WhiteClock "0:00:18"]
[BlackClock "0:00:04"]

1. e4 e6 2. d4 d5 3. Nc3 Nf6 4. Bg5 dxe4 5. Nxe4 Be7 6. Bxf6 gxf6 7. g4 Bd7 8. Bg2 Bc6 9. f3 f5 10. gxf5 exf5 11. Ng3 f4 12. Ne4 Bh4+ 13. Kf1 f5 14. Nc3 O-O 15. Nge2 Qe7 16. d5 Qe3 17. Qd4 Bd7 18. Rd1 Bf6 19. Qxf4 Qxf4 20. Nxf4 Na6 21. Kf2 Nb4 22. Rd2 Bxc3 23. bxc3 Nxa2 24. Rd3 Bb5 25. Re3 Rae8 26. Ne6 Rf7 27. f4 Bc4 28. Bf3 Ree7 29. Rg1+ Kh8 30. Bh5 Rf6 31. Nxc7 Rxe3 32. Kxe3 Nxc3 33. Kd4 Nb5+ 34. Ke5 Rf8 35. Ne6 Ra8 36. Bf7 Nc3 37. d6 Bxe6 38. Bxe6 Ne4 39. d7 Nc5 40. Kd6 b6 41. Ke7 Nxd7 42. Kxd7 a5 43. Bxf5 a4 44. Be6 a3 45. f5 a2 46. Ra1 Ra7+ 47. Kd6 Kg7 48. Ke5 Rc7 49. Rxa2 Rc5+ 50. Bd5 b5 51. f6+ Kg6 52. Ra7 Rxc2 53. Rg7+ Kh6 54. Rxh7+ Kxh7 55. Be4+ Kg8 56. Bxc2 b4 57. h4 Kf7 58. Kf5 Kf8 59. Bb3 Ke8 60. Kg6 Kf8 61. h5 Ke8 62. Kg7 Kd7 63. f7 Kd6 64. f8=Q+ 1-0

[Event "January 9 Early 2024"]
[Site "https://www.chess.com"]
[Date "2024.01.11"]
[Round "6"]
[White "Alinasab, Mobina"]
[Black "Bogaudinov, Rushan"]
[Result "1-0"]
[Board "234"]
[TimeControl "180+1"]
[WhiteFideId "12528897"]
[BlackFideId "4129288"]
[WhiteElo "2530"]
[BlackElo "2382"]
[WhiteTeam "IRI"]
[BlackTeam "RUS"]
[WhiteClock "0:00:22"]
[BlackClock "0:00:04"]

1. Nf3 d5 2. g3 Nf6 3. Bg2 e6 4. O-O Be7 5. d4 O-O 6. b3 c5 7. Bb2 Nc6 8. dxc5 Bxc5 9. Ne5 Nxe5 10. Bxe5 Bd6 11. Bxd6 Qxd6 12. c4 Rd8 13. cxd5 exd5 14. Nc3 Bg4 15. Qd4 Qe6 16. Rfe1 a6 17. Rad1 Rac8 18. Rd2 h6 19. e3 Ne4 20. Rc2 Nxc3 21. Rxc3 Rxc3 22. Qxc3 Bh3 23. Bxh3 Qxh3 24. Rc1 Qd7 25. Qc7 d4 26. exd4 Qxd4 27. Qxb7 Qb2 28. Rc7 Qf6 29. Rc8 Rxc8 30. Qxc8+ Kh7 31. Qc2+ g6 32. Qe2 h5 33. h4 Kg7 34. Kg2 Qc6+ 35. Qf3 Qd6 36. Qe4 a5 37. Qc4 Qa3 38. Qa4 Qc5 39. a3 Qd5+ 40. Kh2 Qc5 41. Kg1 Qc1+ 42. Kg2 Qc5 43. b4 Qd5+ 44. Kh2 Qd4 45. Kg1 Qa1+ 46. Kg2 axb4 47. Qxb4 Qe5 48. Qc4 Qb8 49. Qc6 Qb3 50. a4 Qa3 51. Qb5 Qa1 52. a5 Qd4 53. Qb7 g5 54. a6 gxh4 55. a7 hxg3 56. fxg3 Qe3 57. Qb2+ f6 58. a8=Q Qe4+ 59. Qxe4 h4 60. Qe7+ Kh6 61. Qexf6+ Kh5 62. Qbe5+ 1-0

[Event "January 9 Early 2024"]
[Site "https://www.chess.com"]
[Date "2024.01.11"]
[Round "6"]
[White "Chan, Wei Xuan Timothy"]
[Black "Krishnan, Ritvik"]
[Result "1/2-1/2"]
[Board "235"]
[TimeControl "180+1"]
[WhiteFideId "5802032"]
[BlackFideId "45055297"]
[WhiteElo "2712"]
[BlackElo "2511"]
[WhiteTeam "SGP"]
[BlackTeam "IND"]
[WhiteClock "0:00:12"]
[BlackClock "0:00:06"]

1. e4 c5 2. Nf3 d6 3. Bb5+ Nd7 4. d4 Nf6 5. Nc3 cxd4 6. Qxd4 e5 7. Qd3 h6 8. Be3 a6 9. Bxd7+ Bxd7 10. Nd2 b5 11. a4 b4 12. Nd5 Nxd5 13. exd5 Be7 14. O-O O-O 15. f4 exf4 16. Bxf4 Qb6+ 17. Kh1 Rac8 18. Rae1 Rfe8 19. Nc4 Qc5 20. b3 Bf8 21. Be3 Qc7 22. Qd4 Bxa4 23. Nb6 Bb5 24. Nxc8 Bxf1 25. Rxf1 Rxc8 26. Rf2 Qe7 27. h3 Rc3 28. Bf4 Qe1+ 29. Kh2 Rc5 30. Bd2 Qb1 31. Qf4 Rc7 32. Bxb4 f6 33. Bxd6 Rxc2 34. Bxf8 Rxf2 35. Qxf2 Kxf8 36. Qc5+ Kg8 37. Qc4 Qd1 38. d6+ Kh7 39. Qe4+ Kh8 40. Qe7 Qd4 41. Kg3 Qd3+ 42. Kf2 Qd2+ 43. Kg1 Qd1+ 44. Kh2 Qd2 45. Qe8+ Kh7 46. Qe4+ Kh8 47. Qa8+ Kh7 48. Qd8 Qf4+ 49. Kg1 Qe3+ 50. Kf1 Qd3+ 51. Kf2 Qd2+ 52. Kf3 Qd3+ 53. Kf2 Qd2+ 54. Kg3 Qe3+ 55. Kh2 Qe5+ 56. Kg1 Qe1+ 57. Kh2 Qe5+ 58. Kg1 Qe1+ 59. Kh2 Qe5+ 1/2-1/2